 Dungeon Crawl Stone Soup version 0.22-a0-322-g60b3cfd (webtiles) character file.

630 xccam the Cleaver (level 7, -2/52 HPs)
             Began as a Formicid Fighter on Apr 2, 2018.
             Slain by an ogre
             ... wielding a +0 giant club
              (28 damage)
             ... on level 5 of the Dungeon.
             The game lasted 00:12:01 (3414 turns).

xccam the Cleaver (Formicid Fighter)                Turns: 3414, Time: 00:12:02

Health: -2/52      AC:  6    Str: 28    XL:     7   Next: 77%
Magic:  7/7        EV:  8    Int:  7    God:
Gold:   231        SH: 10    Dex: 10    Spells: 6/6 levels left

rFire    . . .     SeeInvis +   a - +0 war axe
rCold    . . .     Gourm    .   c - +0 shield
rNeg     . . .     Faith    .   b - +0 scale mail
rPois    .         Spirit   .   (helmet unavailable)
rElec    .         Reflect  .   (no cloak)
rCorr    .         Harm     .   (no gloves)
MR       .....                  (no boots)
Stlth    ..........             (no amulet)
HPRegen  0.17/turn              (no ring)
MPRegen  0.10/turn              (no ring)

@: mighty
A: permanent stasis, dig shafts and tunnels, four strong arms, antennae 3
a: Dig, Shaft Self


You were on level 5 of the Dungeon.
You were near starving.

You visited 2 branches of the dungeon, and saw 6 of its levels.

You collected 231 gold pieces.

Inventory:

Hand Weapons
 a - a +0 war axe (weapon)
Armour
 b - a +0 scale mail (worn)
 c - a +0 shield (worn)
 i - a cursed +0 plate armour
Scrolls
 e - 2 scrolls of remove curse
 j - 3 scrolls of teleportation {unknown}
 k - 2 scrolls of identify {unknown}
Potions
 d - a potion of might
 g - a potion of berserk rage {unknown}
 h - 5 potions of curing {unknown}
 l - 2 potions of lignification {unknown}
 m - a potion of brilliance {unknown}
 n - a potion of heal wounds {unknown}
 o - a potion of flight {unknown}
 p - 3 potions of cancellation {unknown}
Comestibles
 f - 6 rations


   Skills:
 - Level 3.2 Fighting
 + Level 8.1 Axes
 - Level 3.2 Armour
 - Level 3.6 Shields


You had 6 spell levels left.
You didn't know any spells.

Dungeon Overview and Level Annotations

Branches:
Dungeon (5/15)             Temple (1/1) D:4

Altars:
Ashenzari
Dithmenos
Elyvilon
Fedhas
Gozag
Hepliaklqana
Kikubaaqudgha
Nemelex Xobeh
Ru
Trog
Uskayaw
Vehumet
Wu Jian
Xom
Zin

Shops:
D:4 (


Innate Abilities, Weirdness & Mutations

You cannot be hasted, slowed, berserked, paralysed or teleported.
You can dig through walls and to a lower floor.
Your four strong arms can wield two-handed weapons with a shield.
You have a pair of large antennae on your head. (SInv)


Message History

You feel sick.
You are no longer poisoned.
Found 6 gold pieces.
You feel very mighty all of a sudden.
A howler monkey skeleton comes into view.
An ice beast comes into view.
You barely miss the ogre.
You are near starving!
The ogre barely misses you.
You hit the ogre.
The ogre is lightly wounded.
The ogre hits you with a giant club!
You slash the ogre!
The ogre is severely wounded.
You block the ogre's attack.
You closely miss the ogre.
The ogre is severely wounded.
The ogre hits you with a giant club!!
Ouch! That really hurt!
You die...

#########.# #.#
....$.... #.#
........# #.###
.........
######...####...#Y..
#...........+.....##.
....###....###........
....###....###.OZ.#
...........+..@...#
##..###....##.###.# #
#.........#
#.#.##....#
#.#.##..(....! .
#....#....... ..
######.....## ..
#.....# #.....+{


You could see an ice beast, an ogre and a howler monkey skeleton.

Vanquished Creatures
  Sigmund (D:4)
  A sky beast (D:5)
  An ogre (D:4)
  A crimson imp (D:5)
  A hound (D:4)
  3 orc wizards (D:4)
  2 gnolls (D:4)
  4 adders
  2 adder skeletons
  3 worms (D:2)
  3 dart slugs
  2 leopard geckos
  16 orcs
  A ball python (D:1)
  2 bats
  2 giant cockroaches
  7 hobgoblins
  5 jackals (D:4)
  2 quokkas
  6 frilled lizards
  2 goblins
  7 kobolds
  A leopard gecko zombie (D:5)
  2 rats (D:2)
77 creatures vanquished.

Notes
Turn   | Place    | Note
-------+----------+-------------------------------------------
     0 | D:1      | xccam the Formicid Fighter began the quest for the Orb.
     0 | D:1      | Reached XP level 1. HP: 18/18 MP: 1/1
   219 | D:1      | Reached XP level 2. HP: 23/24 MP: 2/2
   941 | D:2      | Reached skill level 3 in Axes
  1049 | D:2      | Reached XP level 3. HP: 22/29 MP: 3/3
  1355 | D:2      | Reached skill level 4 in Axes
  1355 | D:2      | Reached XP level 4. HP: 34/35 MP: 4/4
  1654 | D:3      | Found a sacrificial altar of Ru.
  1975 | D:4      | Noticed Sigmund
  1983 | D:4      | Reached XP level 5. HP: 39/41 MP: 5/5
  1999 | D:4      | Reached skill level 5 in Axes
  2002 | D:4      | Killed Sigmund
  2002 | D:4      | Reached skill level 6 in Axes
  2002 | D:4      | Reached XP level 6. HP: 24/47 MP: 6/6
  2425 | D:4      | Noticed an ogre
  2430 | D:4      | Killed an ogre
  2430 | D:4      | Reached skill level 7 in Axes
  2430 | D:4      | Reached XP level 7. HP: 23/52 MP: 7/7
  2547 | D:4      | Found a sparkling altar of Nemelex Xobeh.
  2857 | D:4      | Found Qeduch's Antique Weapon Shoppe.
  2876 | D:4      | Found a staircase to the Ecumenical Temple.
  2959 | Temple   | Entered the Ecumenical Temple
  3277 | D:5      | Entered Level 5 of the Dungeon
  3342 | D:5      | Reached skill level 8 in Axes
  3414 | D:5      | Slain by an ogre

Vault maps used:
D:1:      nzn_arrival_crosshair
D:2:      minmay_split_cup_large
D:3:      nicolae_ru_sacrificial_ziggurat
D:4:      nicolae_overflow_hidden_temple, temple_statues, first_ration,
          serial_shops, shop, uniq_sigmund
D:5:      minmay_misc_feat_x
Temple:   eino_narrow_crystal_temple

Skill      XL: |  1  2  3  4  5  6  7 |
---------------+----------------------+-----
Axes           | 3 4 6 7 8 |  8.1
Fighting       | |  3.2
Armour         | |  3.2
Shields        | |  3.6

Action                   |  1- 3 |  4- 6 |  7- 9 || total
-------------------------+-------+-------+-------++-------
Melee: War axe           |    85 |   114 |    81 ||   280
 Abil: Dig               |       |       |     1 ||     1
  Use: Scroll            |       |     1 |       ||     1
       Potion            |       |     1 |     1 ||     2
  Eat: Chunk             |     1 |     4 |     2 ||     7
Armor: Scale mail        |    31 |    30 |    24 ||    85
Dodge: Dodged            |    23 |    33 |    30 ||    86
Block: Shield            |    28 |    61 |    33 ||   122

Table legend:
 A = Spawn XP
 B = Non-spawn XP
 C = Spawn XP percentage of total XP
 D = Spawn monster count
 E = Non-spawn monster count
 F = Spawn count percentage of total count
 G = Total turns spent on level
                    A         B        C        D         E        F      G
               +---------+---------+-------+---------+---------+-------+---------
         Total |       0 |     900 |   0.0 |       0 |      77 |   0.0 |  3414
               +---------+---------+-------+---------+---------+-------+---------
           D:1 |       0 |      18 |   0.0 |       0 |      10 |   0.0 |   919
           D:2 |       0 |      56 |   0.0 |       0 |      20 |   0.0 |   621
           D:3 |       0 |      57 |   0.0 |       0 |      15 |   0.0 |   384
           D:4 |       0 |     581 |   0.0 |       0 |      27 |   0.0 |  1161
           D:5 |       0 |     188 |   0.0 |       0 |       5 |   0.0 |   137
               +---------+---------+-------+---------+---------+-------+---------
